 Dungeon Crawl Stone Soup version 0.22-a0-542-gce4f928 (webtiles) character file.

12091 kae the Fencer (level 11, -1/94 HPs)
             Began as a Minotaur Fighter on June 24, 2018.
             Was a High Priest of Okawaru.
             Killed from afar by an orc sorcerer (22 damage)
             ... with a bolt of negative energy
             ... on level 10 of the Dungeon.
             The game lasted 00:08:57 (10320 turns).

kae the Fencer (Minotaur Fighter)                  Turns: 10320, Time: 00:08:58

Health: -1/94      AC:  8    Str: 23    XL:     11   Next: 57%
Magic:  14/14      EV: 10    Int:  5    God:    Okawaru [*****.]
Gold:   339        SH: 10    Dex: 15    Spells: 10/10 levels left

rFire    . . .     SeeInvis .   C - +6 demon blade (flame)
rCold    . . .     Gourm    .   c - +0 shield
rNeg     . . .     Faith    .   b - +1 scale mail
rPois    .         Spirit   .   (helmet restricted)
rElec    .         Reflect  .   (no cloak)
rCorr    .         Harm     .   (no gloves)
MR       .....                  (no boots)
Stlth    ..........             (no amulet)
HPRegen  0.25/turn              n - +4 ring of dexterity
MPRegen  0.14/turn              (no ring)

@: heavily drained
A: retaliatory headbutt, horns 2
a: Heroism, Finesse, Renounce Religion


You were on level 10 of the Dungeon.
You worshipped Okawaru.
Okawaru was extremely pleased with you.
You were not hungry.

You visited 1 branch of the dungeon, and saw 10 of its levels.
You also visited: Sewer.

You collected 443 gold pieces.
You spent 104 gold pieces at shops.

Inventory:

Hand Weapons
 a - a +1 long sword
 p - a +1 triple sword of holy wrath
 C - a +6 demon blade of flaming (weapon)
Armour
 b - a +1 scale mail (worn)
 c - a +0 shield (worn)
Jewellery
 n - a +4 ring of dexterity (left hand)
 q - an uncursed ring of resist corrosion
 r - an uncursed amulet of rage
 y - an uncursed ring of poison resistance
 A - an uncursed ring of resist corrosion
Wands
 m - a wand of paralysis (10)
 F - a wand of flame (16)
Scrolls
 d - 2 scrolls of identify
 e - a scroll of teleportation
 j - 4 scrolls of fear
 s - 4 scrolls of amnesia
 u - 5 scrolls of blinking
 D - a scroll of enchant armour
Potions
 h - 3 potions of curing
 i - 5 potions of haste
 k - 2 potions of mutation
 l - 4 potions of magic
 o - a potion of brilliance
 t - 4 potions of berserk rage
 v - 3 potions of heal wounds
 w - 2 potions of agility
 z - 3 potions of flight
 B - 2 potions of might
Comestibles
 f - 21 rations


   Skills:
 + Level 8.0(5.3) Fighting
 * Level 16.5(13.2) Long Blades
 + Level 8.0(5.3) Armour
 + Level 6.4(3.8) Dodging
 * Level 7.5(4.9) Shields
 + Level 5.3(2.8) Invocations


You had 10 spell levels left.
You didn't know any spells.
Your spell library was empty.

Dungeon Overview and Level Annotations

Branches:
Dungeon (10/15)            Temple (0/1) D:4            Lair (0/6) D:8
    Orc: D:9-12

Altars:
Ashenzari
Cheibriados
Elyvilon
Gozag
Nemelex Xobeh
Okawaru
Wu Jian
Yredelemnul
Zin

Shops:
D:5 *


Innate Abilities, Weirdness & Mutations

You reflexively headbutt those who attack you in melee.
You have a pair of horns on your head.


Message History

The orc sorcerer points at you and mumbles some strange words.
The bolt of negative energy hits you!
You feel drained.
You closely miss the orc sorcerer. Your headbutt misses the orc sorcerer.
You slash the orc sorcerer! You burn the orc sorcerer.
The orc sorcerer is heavily wounded.
The orc sorcerer gestures at you while chanting.
The bolt of negative energy hits you!
You feel drained.
* * * LOW HITPOINT WARNING * * *
You closely miss the orc sorcerer.
The orc sorcerer is moderately wounded.
The orc sorcerer hits you but does no damage.
You hit the orc sorcerer but do no damage.
Your headbutt misses the orc sorcerer.
The orc sorcerer is moderately wounded.
You hit the orc sorcerer. You burn the orc sorcerer.
Your headbutt misses the orc sorcerer.
The orc sorcerer is heavily wounded.
The orc sorcerer gestures at you while chanting.
The bolt of negative energy hits you!
You feel drained.
You die...

###+####### #####
........#.. ..#..
........#.# ###.#.#
#..#.#. ....#4###
#.@#.#.###.#r#g..#.
#..o.....#.#r4o4er#
#..#.###†#.#.#3g.#.
#..#.......#.#..##
#..#######.#.#..#
#..#.........##..
#..#####'#########
#..#..#..##..#..
#..#.##.#.#.##.# #


You could see an orc sorcerer.

Vanquished Creatures
  2 two-headed ogres
  The ghost of kae the Carver, a novice MiFi of Qazlal (D:7)
  Pikel (D:8)
  A centaur zombie (D:10)
  A gargoyle (D:9)
  A kobold demonologist (D:10)
  A troll (D:9)
  Grinder (D:2)
  A hornet (D:9)
  8 spriggans (D:8)
  Sigmund (D:6)
  A wyvern (D:8)
  5 yaks (D:9)
  3 steam dragons
  2 insubstantial wisps (D:8)
  A water moccasin (D:7)
  An orc warrior (D:6)
  5 sky beasts
  2 black bears
  3 phantoms
  3 ice beasts
  A necrophage (D:8)
  4 slaves (D:8)
  3 ogres
  3 centaurs (D:8)
  A big kobold (D:8)
  4 bullfrogs
  A gnoll sergeant (D:7)
  5 scorpions
  6 killer bees (D:8)
  4 wights (D:8)
  7 howler monkeys
  9 hounds
  5 jellies
  2 orc priests
  A gnoll shaman (D:8)
  2 iguanas
  7 orc wizards
  5 worker ants
  A hound skeleton (D:2)
  2 worker ant zombies
  A howler monkey zombie (D:9)
  16 adders
  16 gnolls
  A river rat (D:4)
  2 shadow imps
  6 oozes
  2 worms (D:2)
  3 dart slugs (D:2)
  2 leopard geckos
  29 orcs
  9 bats
  9 giant cockroaches
  8 hobgoblins
  11 jackals
  3 quokkas
  7 ball pythons
  13 frilled lizards
  6 goblins
  A jackal skeleton (D:4)
  14 kobolds
  A quokka zombie (D:2)
  6 rats
284 creatures vanquished.

Notes
Turn   | Place    | Note
-------+----------+-------------------------------------------
     0 | D:1      | kae the Minotaur Fighter began the quest for the Orb.
     0 | D:1      | Reached XP level 1. HP: 19/19 MP: 0/0
    73 | D:1      | Reached XP level 2. HP: 22/27 MP: 1/1
   151 | D:1      | Reached skill level 3 in Long Blades
   380 | D:1      | Reached skill level 1 in Dodging
   503 | D:2      | Reached XP level 3. HP: 30/33 MP: 2/2
   692 | D:2      | Reached XP level 4. HP: 34/40 MP: 3/3
   835 | D:2      | Found an iron altar of Okawaru.
   836 | D:2      | Reached skill level 4 in Long Blades
   850 | D:2      | Became a worshipper of Warmaster Okawaru
   869 | D:2      | Found a basalt altar of Yredelemnul.
  1152 | D:2      | Reached XP level 5. HP: 44/47 MP: 4/4
  1563 | D:3      | Noticed Grinder
  1577 | D:2      | Paralysed by Grinder for 4 turns
  1583 | D:2      | Killed Grinder
  1583 | D:2      | Reached * piety under Okawaru
  1583 | D:2      | Reached skill level 5 in Long Blades
  1583 | D:2      | Reached skill level 1 in Invocations
  1583 | D:2      | Reached XP level 6. HP: 41/55 MP: 4/6
  1803 | D:3      | Reached skill level 5 in Fighting
  1803 | D:3      | Reached skill level 5 in Armour
  2433 | D:4      | Found a snail-covered altar of Cheibriados.
  2458 | D:4      | Reached XP level 7. HP: 46/61 MP: 7/7
  2659 | D:4      | Found a staircase to the Ecumenical Temple.
  2665 | D:4      | Reached skill level 6 in Long Blades
  2848 | D:4      | Found a glowing drain.
  2852 | Sewer    | Entered a sewer
  3696 | D:4      | Found a white marble altar of Elyvilon.
  3696 | D:4      | Found an ornate altar of the Wu Jian Council.
  3704 | D:4      | Found an opulent altar of Gozag.
  3706 | D:4      | Found a sparkling altar of Nemelex Xobeh.
  3708 | D:4      | Found a glowing silver altar of Zin.
  4012 | D:5      | Entered Level 5 of the Dungeon
  4024 | D:5      | Reached skill level 15 in Long Blades
  4024 | D:5      | Reached XP level 8. HP: 70/70 MP: 8/8
  4056 | D:5      | Reached ** piety under Okawaru
  4201 | D:5      | Found Unleluips's General Store.
  4211 | D:5      | Bought a scroll of identify for 22 gold pieces
  5315 | D:6      | Reached XP level 9. HP: 75/75 MP: 10/10
  6006 | D:6      | Noticed Sigmund
  6012 | D:6      | Killed Sigmund
  6978 | D:7      | Reached *** piety under Okawaru
  7010 | D:7      | Found a transporter.
  7017 | D:7      | Noticed kae's ghost (novice MiFi)
  7032 | D:7      | Found a transporter.
  7466 | D:7      | Identified a scroll of acquirement
  7557 | D:5      | Bought a scroll of enchant weapon for 82 gold pieces
  7728 | D:7      | Killed kae's ghost
  7728 | D:7      | Reached skill level 5 in Dodging
  7728 | D:7      | Reached XP level 10. HP: 84/84 MP: 11/11
  7910 | D:8      | Reached **** piety under Okawaru
  8257 | D:8      | Reached skill level 5 in Shields
  8567 | D:8      | Noticed Pikel
  8582 | D:8      | Reached ***** piety under Okawaru
  8593 | D:8      | Killed Pikel
  8593 | D:8      | Reached skill level 16 in Long Blades
  8834 | D:8      | Noticed a two-headed ogre
  8841 | D:8      | Killed a two-headed ogre
  8841 | D:8      | Reached XP level 11. HP: 53/92 MP: 10/13
  8925 | D:8      | Found a shattered altar of Ashenzari.
  8926 | D:8      | Found a staircase to the Lair.
  9238 | D:9      | Noticed a two-headed ogre
  9250 | D:9      | Killed a two-headed ogre
  9260 | D:9      | Reached skill level 5 in Invocations
  9472 | D:9      | Received a gift from Okawaru
 10023 | D:10     | Entered Level 10 of the Dungeon
 10142 | D:10     | Noticed a deep elf mage
 10143 | D:10     | Noticed an orc sorcerer
 10162 | D:10     | Noticed a soul eater
 10320 | D:10     | Killed from afar by an orc sorcerer

Vault maps used:
D:1:      tarquinn_simple_flora_water_f
D:2:      nicolae_overflow_crystal_walls, first_ration, okawaru_gym_becter
D:3:      grunt_ministairs_9, uniq_grinder
D:4:      overflow_temple_1_default, chequers_temple_overflow_minitemple,
          minmay_temple_entry_statues_fountains, gup_sewer_entry_bowl
D:5:      serial_shops, shop, corner_web_ring
D:6:      kennysheep_steamy, minmay_misc_feat_plants, uniq_sigmund
D:7:      gammafunk_ghost_arena
D:8:      kb_forest_paths, ashenzari_conservatory_becter, hangedman_misty_isle,
          uniq_pikel
D:9:      hangedman_little_slice_of_home, evilmike_minifort
D:10:     minmay_the_grid_net, nicolae_twisting_strands
Sewer:    sewer_co_scattered_pipes

Skill      XL: |  1  2  3  4  5  6  7  8  9 10 11 |
---------------+----------------------------------+-----
Long Blades    | 3 4 5 15 16 | 16.5
Dodging        | 1 2 3 5 6 |  6.4
Fighting       | 4 5 6 7 8 |  8.0
Armour         | 4 5 6 7 8 |  8.0
Invocations    | 1 2 3 4 5 |  5.3
Shields        | 4 6 7 |  7.5

Action                   |  1- 3 |  4- 6 |  7- 9 | 10-12 || total
-------------------------+-------+-------+-------+-------++-------
Melee: Long sword        |    54 |   130 |   321 |       ||   505
       Headbutt          |     8 |    20 |    53 |    38 ||   119
       Demon blade       |       |       |    15 |   256 ||   271
Invok: Heroism           |       |       |     7 |     5 ||    12
  Use: Potion            |       |     1 |     2 |     2 ||     5
       Scroll            |       |       |    25 |     5 ||    30
  Eat: Chunk             |       |     5 |    11 |     8 ||    24
       Ration            |       |       |     2 |       ||     2
Armor: Scale mail        |    22 |    52 |    72 |    55 ||   201
       Skin              |       |       |    17 |       ||    17
Dodge: Dodged            |    14 |    43 |    97 |    90 ||   244
Block: Shield            |    24 |    63 |   131 |    91 ||   309
       Rpst.: Long sword |     3 |    12 |    23 |       ||    38
       Demon blade       |       |       |     2 |    18 ||    20

Table legend:
 A = Spawn XP
 B = Non-spawn XP
 C = Spawn XP percentage of total XP
 D = Spawn monster count
 E = Non-spawn monster count
 F = Spawn count percentage of total count
 G = Total turns spent on level
                    A         B        C        D         E        F      G
               +---------+---------+-------+---------+---------+-------+---------
         Total |       0 |   16126 |   0.0 |       0 |     280 |   0.0 | 10320
               +---------+---------+-------+---------+---------+-------+---------
           D:1 |       0 |      28 |   0.0 |       0 |      15 |   0.0 |   490
           D:2 |       0 |     462 |   0.0 |       0 |      33 |   0.0 |  1132
           D:3 |       0 |     117 |   0.0 |       0 |      17 |   0.0 |   602
           D:4 |       0 |     545 |   0.0 |       0 |      32 |   0.0 |  1166
           D:5 |       0 |     422 |   0.0 |       0 |      18 |   0.0 |  1254
           D:6 |       0 |    1448 |   0.0 |       0 |      27 |   0.0 |  1148
           D:7 |       0 |    1931 |   0.0 |       0 |      17 |   0.0 |  1414
           D:8 |       0 |    6019 |   0.0 |       0 |      52 |   0.0 |  1383
           D:9 |       0 |    3646 |   0.0 |       0 |      34 |   0.0 |   812
          D:10 |       0 |    1462 |   0.0 |       0 |      12 |   0.0 |   297
         Sewer |       0 |      46 |   0.0 |       0 |      23 |   0.0 |   622
               +---------+---------+-------+---------+---------+-------+---------
